 Dungeon Crawl Stone Soup version 0.21-a0-228-g14ccbf3 (webtiles) character file.

70 Monsterracer the Changer (level 4, -8/32 HPs)
             Began as a Merfolk Transmuter on Aug 31, 2017.
             Mangled by an orc warrior
             ... wielding a +0 glaive
              (24 damage)
             ... on level 2 of the Dungeon.
             The game lasted 00:03:01 (1817 turns).

Monsterracer the Changer (Merfolk Transmuter)       Turns: 1817, Time: 00:03:02

Health: -8/32      AC:  2    Str: 12    XL:     4   Next: 22%
Magic:  4/7        EV: 21    Int: 13    God:
Gold:   59         SH:  0    Dex: 19    Spells: 3/7 levels left

rFire    . . .     SeeInvis .     - Unarmed
rCold    . . .     Gourm    .   (shield currently unavailable)
rNeg     . . .     Faith    .   (armour currently unavailable)
rPois    x         Spirit   .   (helmet currently unavailable)
rElec    .         Reflect  .   (cloak currently unavailable)
rCorr    .         Harm     .   (gloves currently unavailable)
MR       .....                  (boots currently unavailable)
Stlth    ++........             (no amulet)
HPRegen  0.10/turn              j - +2 ring of strength
MPRegen  0.10/turn              (no ring)

@: spider-form (expiring)
A: (change form in water), (swift swim), (stealthy swim)
a: End Transformation


You were on level 2 of the Dungeon.
You were very hungry.
You were a venomous arachnid creature.
You visited 1 branch of the dungeon, and saw 3 of its levels.

You collected 59 gold pieces.

Inventory:

Missiles
 a - 35 arrows
Armour
 b - a +0 robe (melded)
 e - a +2 ring mail of cold resistance
 k - a +0 cloak (melded)
 o - a scarf of cloud immunity
 p - a +0 pair of gloves (melded)
Jewellery
 j - a +2 ring of strength (left front leg)
Scrolls
 l - a scroll of remove curse {unknown}
 m - a scroll of fear {unknown}
 q - 2 scrolls of identify {unknown}
 r - 3 scrolls of immolation {unknown}
 s - a scroll of enchant armour {unknown}
 v - a scroll of teleportation {unknown}
Potions
 f - a potion of brilliance {unknown}
 g - a potion of curing {unknown}
 h - a potion of resistance {unknown}
 i - a potion of invisibility {unknown}
 w - a potion of heal wounds {unknown}
 z - a potion of haste {unknown}
Books
 c - a book of Changes

   Spells                             Type                      Level
   a - Beastly Appendage              Transmutation                1
   b - Sticks to Snakes               Transmutation                2
   c - Spider Form                    Transmutation/Poison         3
   d - Ice Form                       Ice/Transmutation            4
   e - Blade Hands                    Transmutation                5
 n - a book of Cantrips

   Spells                             Type                      Level
   a - Confusing Touch                Hexes                        1
   b - Animate Skeleton               Necromancy                   1
   c - Summon Small Mammal            Summoning                    1
   d - Apportation                    Translocation                1
Comestibles
 d - 3 bread rations
 t - a meat ration
 u - 2 fruits
 x - a royal jelly


   Skills:
 - Level 1.1 Fighting
 - Level 2.6 Dodging
 + Level 4.4 Unarmed Combat
 - Level 2.0 Spellcasting
 + Level 4.5 Transmutations


You had 3 spell levels left.
You knew the following spells:

 Your Spells              Type           Power        Failure   Level  Hunger
a - Beastly Appendage     Tmut           ##....       13%         1    ##.....
c - Spider Form           Tmut/Pois      #.........   52%         3    ####...


Dungeon Overview and Level Annotations

Branches:
Dungeon (3/15)

Altars:


Message History

Your +0 cloak melds into your body.
Your +0 pair of gloves melds into your body.
Your +0 robe melds into your body.
You climb downwards.
The orc warrior hits you with a glaive!
Ouch! That really hurt!
* * * LOW HITPOINT WARNING * * *
There is a stone staircase leading up here.
Huge Dmg: -53%(-17hp) hp: 47%(15hp)
The orc warrior misses you.
You climb upwards.
Your transformation is almost over.
There is a stone staircase leading down here.
You closely miss the orc warrior. The orc warrior misses you.
You hit the orc warrior but do no damage.
The orc warrior closely misses you.
You hit the orc warrior but do no damage.
You barely miss the orc warrior.
The orc warrior hits you with a glaive!!
Ouch! That really hurt!
You die...

#####...)............
#....................
#....................
#..................#.
#..<.....###########.
#...)....# #..
#....#..## #.#
#......## #..
#.#.s### ### #..o##
#####


You could see an orc warrior.

Vanquished Creatures
  2 adders (D:1)
  An ooze (D:1)
  A worm (D:2)
  2 dart slugs (D:1)
  A leopard gecko (D:2)
  An orc (D:3)
  A giant cockroach (D:1)
  5 goblins
  4 hobgoblins
  7 kobolds
  2 quokkas
  2 bats
  2 frilled lizards
  10 rats
41 creatures vanquished.

Notes
Turn   | Place    | Note
-------+----------+-------------------------------------------
     0 | D:1      | Monsterracer the Merfolk Transmuter began the quest for the Orb.
     0 | D:1      | Reached XP level 1. HP: 15/15 MP: 3/3
   172 | D:1      | Reached XP level 2. HP: 11/21 MP: 3/5
   174 | D:1      | HP: 9/21 [dart slug (3)]
   659 | D:1      | Reached XP level 3. HP: 22/26 MP: 4/6
   664 | D:1      | Learned a level 3 spell: Spider Form
  1356 | D:2      | Reached XP level 4. HP: 29/32 MP: 7/7
  1695 | D:3      | Noticed an orc warrior
  1811 | D:3      | HP: 15/32 [orc warrior/glaive (17)]
  1817 | D:2      | Mangled by an orc warrior

Vault maps used:
D:1:      minmay_arrival_five_plusses
D:2:      kennysheep_generic_room_11
D:3:      lemuel_doored_altar, lemuel_coloured_pillars_altar,
          kennysheep_crisscross

Skill      XL: |  1  2  3 |
---------------+----------+-----
Transmutations | 3 4 |  4.5
Unarmed Combat | 4 |  4.4
Fighting       | |  1.1
Dodging        | |  2.6
Spellcasting   | |  2.0

Action                   |  1- 3 |  4- 6 || total
-------------------------+-------+-------++-------
Melee: Unarmed           |   101 |    31 ||   132
       Punch             |     2 |       ||     2
       Headbutt          |     6 |       ||     6
 Cast: Beastly Appendage |     6 |       ||     6
       Spider Form       |     2 |     3 ||     5
 Stab: Sleeping          |       |     1 ||     1
  Eat: Chunk             |     2 |     1 ||     3
Armor: Robe              |    18 |     3 ||    21
       Skin              |       |     1 ||     1
Dodge: Dodged            |    70 |    17 ||    87

Table legend:
 A = Spawn XP
 B = Non-spawn XP
 C = Spawn XP percentage of total XP
 D = Spawn monster count
 E = Non-spawn monster count
 F = Spawn count percentage of total count
 G = Total turns spent on level
                    A         B        C        D         E        F      G
               +---------+---------+-------+---------+---------+-------+---------
         Total |      16 |      85 |  15.8 |       5 |      36 |  12.2 |  1817
               +---------+---------+-------+---------+---------+-------+---------
           D:1 |       9 |      55 |  14.1 |       3 |      17 |  15.0 |  1137
           D:2 |       7 |      25 |  21.9 |       2 |      17 |  10.5 |   613
           D:3 |       0 |       5 |   0.0 |       0 |       2 |   0.0 |    67
               +---------+---------+-------+---------+---------+-------+---------
